Canadiens vs Flames
Created - June 14, 2023 at 20:22
Goals
|
| Canadiens |
2 |
1 |
0 |
3 |
| Flames |
0 |
2 |
0 |
2 |
|
Shots
|
| Canadiens |
13 |
16 |
9 |
38 |
| Flames |
10 |
11 |
4 |
25 |
|
1st period
1. Canadiens , Scott Hartnell 2 (Jordan Szwarz 3) at 12:03
2. Canadiens , Corban Knight 1 (Mattias Tedenby 1, Brandon Bollig 1) at 15:14
Penalties :
Mark Stuart (Mon) for Hooking (Minor) at 7:16, Brian Dumoulin (Mon) for Tripping (Minor) at 18:48
2nd period
3. Flames , Eric Staal 6 (Bryan Rust 4) at 0:30 (PP)
4. Canadiens , Corban Knight 2 (Cam Fowler 2) at 11:15 (SH)
5. Flames , Erik Johnson 1 (Patrik Berglund 5) at 11:21 (PP)
Penalties :
Jimmy Hayes (Cal) for Roughing (Minor) at 3:37, Mike Richards (Mon) for Holding (Minor) at 6:55, Jimmy Hayes (Cal) for High sticking (Minor) at 7:03, Mike Richards (Mon) for Interference (Minor) at 10:53, Rickard Rakell (Mon) for Hooking (Minor) at 15:09
3rd period
No Goal
Penalties :
Jimmy Hayes (Cal) for Holding (Minor) at 5:22, Jordan Szwarz (Mon) for Hooking (Minor) at 19:11
Goalie Stats
Robin Lehner (Mon), 23 saves from 25 shots - (0.920), W, 5-1-0, 60:00 minutes
Christopher Gibson (Cal), 35 saves from 38 shots - (0.921), L, 2-1-0, 59:00 minutes
Players Stats for Canadiens
Player Name G A P +/- PIM S H SB GA TA FO MP PP MP PK MP
------------------------------------------------------------------------------------
Adam Fox 0 0 0 1 0 3 0 2 0 1 0/0 19:56 2:49 0:00
Brandon Bollig 0 1 1 1 0 2 1 0 0 0 1/1 9:44 0:00 2:37
Brian Dumoulin 0 0 0 1 2 1 0 1 0 0 0/0 16:18 0:08 1:51
Cam Fowler 0 1 1 1 0 0 1 1 0 1 0/0 22:56 1:17 3:26
Chris Kreider 0 0 0 0 0 2 4 2 1 0 0/2 17:38 2:18 0:42
Corban Knight 2 0 2 2 0 3 1 0 0 0 6/10 10:18 0:00 3:11
Greg Stewart 0 0 0 0 0 3 3 0 1 0 0/0 16:36 1:40 0:07
Jean-Gabriel Pageau 0 0 0 0 0 5 0 0 0 0 11/18 18:15 1:40 0:42
Jordan Szwarz 0 1 1 1 2 0 1 0 0 1 0/0 11:35 0:00 0:00
Kevin Shattenkirk 0 0 0 0 0 1 1 1 1 2 0/0 24:08 2:41 2:35
Mark Stuart 0 0 0 2 2 0 1 1 0 0 0/0 20:46 1:17 3:27
Mattias Tedenby 0 1 1 1 0 1 0 0 0 1 0/0 6:47 0:00 0:00
Mika Zibanejad 0 0 0 0 0 3 0 0 0 1 7/15 16:47 2:26 0:07
Mike Richards 0 0 0 1 4 2 1 1 0 1 7/11 14:50 0:08 3:04
Nikita Kucherov 0 0 0 0 0 2 2 0 0 0 2/2 16:40 2:26 0:00
Rickard Rakell 0 0 0 0 2 2 2 1 0 1 0/0 16:28 1:40 0:00
Scott Hartnell 1 0 1 2 0 7 2 1 0 0 1/1 15:14 0:00 3:38
Sean Zimmerman 0 0 0 1 0 1 0 0 2 0 0/0 16:03 0:00 2:49
Players Stats for Flames
Player Name G A P +/- PIM S H SB GA TA FO MP PP MP PK MP
------------------------------------------------------------------------------------
Anders Lee 0 0 0 -1 0 0 1 0 1 0 2/3 8:48 0:14 0:08
Brad Marchand 0 0 0 -2 0 3 2 2 3 3 0/1 22:27 3:22 2:14
Brendan Mikkelson 0 0 0 -1 0 0 2 1 0 0 0/0 14:11 0:00 0:00
Bryan Rust 0 1 1 -1 0 3 0 1 0 0 0/0 20:31 2:36 1:10
Christian Folin 0 0 0 -1 0 1 0 1 0 0 0/0 19:31 3:05 1:44
Colby Robak 0 0 0 -1 0 1 0 0 0 0 0/0 15:48 0:00 1:36
Colin Wilson 0 0 0 0 0 2 1 2 0 0 3/8 11:10 0:00 0:00
David Savard 0 0 0 -1 0 0 3 0 0 0 0/0 8:18 0:00 0:00
David Ullstrom 0 0 0 0 0 1 1 2 0 0 0/0 12:33 0:21 0:42
Eric Staal 1 0 1 -1 0 2 2 1 0 0 9/20 21:25 2:25 2:14
Erik Johnson 1 0 1 -1 0 1 4 2 1 0 0/0 26:18 3:59 2:22
Esa Lindell 0 0 0 -1 0 1 1 1 0 0 0/0 17:54 3:05 0:08
Jimmy Hayes 0 0 0 -1 6 2 0 0 2 0 1/1 16:05 4:24 0:00
Kevin Labanc 0 0 0 0 0 3 4 1 0 0 0/1 11:13 0:03 0:00
Patrik Berglund 0 1 1 -1 0 3 1 0 0 0 10/24 17:43 4:25 1:02
Sami Vatanen 0 0 0 -1 0 1 2 3 1 1 0/0 26:18 3:59 2:22
Tanner Pearson 0 0 0 0 0 1 2 0 1 0 0/1 14:47 3:21 0:00
Vladimir Sobotka 0 0 0 -1 0 0 5 0 0 1 0/1 9:00 0:00 0:42
3 Stars
1 - Corban Knight (Mon)
2 - Scott Hartnell (Mon)
3 - Erik Johnson (Cal)
Power Play
Canadiens - 0 on 3 Attempt(s) - 0.00%
Flames - 2 on 6 Attempt(s) - 33.33%
Penalty Kill
Canadiens - 4 on 6 Attempt(s) - 66.67%
- Score 1 goal in Penalty Kill
Flames - 3 on 3 Attempt(s) - 100.00%
- Score 0 goal in Penalty Kill
Team Stat
Canadiens - Hits : 20 - Faceoff Wins : 35 - Blocked Shots : 11 - Penalty Minutes : 12
Flames - Hits : 31 - Faceoff Wins : 25 - Blocked Shots : 17 - Penalty Minutes : 6
Official
Referees : Chris Schlenker and Trevor Hanson
Linesman : James Tobias and Libor Suchanek
Game Notes
No Game Note
Finance
Level 1 -- Attendance: 6000 (100.00%) -- Ticket Income $600,000
Level 2 -- Attendance: 5000 (100.00%) -- Ticket Income $300,000
Level 3 -- Attendance: 2000 (100.00%) -- Ticket Income $70,000
Level 4 -- Attendance: 4000 (100.00%) -- Ticket Income $100,000
Luxury Box -- Attendance: 1000 (100.00%) -- Ticket Income $200,000
Game was played at the Scotiabank Saddledome.
Total Attendance: 18000 (100.00%)
Total Ticket Income: $1,270,000
Other Income: $190,500
Total Income: $1,460,500
Canadiens
5 vs 5 Forward
Center Left Wing Right Wing Time % Phy DF OF
1 Mika Zibanejad Chris Kreider Nikita Kucherov 35 0 2 3
2 Jean-Gabriel Pageau Greg Stewart Rickard Rakell 35 0 2 3
3 Mike Richards Scott Hartnell Jordan Szwarz 20 0 2 3
4 Corban Knight Brandon Bollig Mattias Tedenby 10 0 2 3
5 vs 5 Defense
Defense Defense Time % Phy DF OF
1 Kevin Shattenkirk Cam Fowler 40 0 3 2
2 Mark Stuart Adam Fox 30 0 3 2
3 Brian Dumoulin Sean Zimmerman 20 0 3 2
4 Cam Fowler Kevin Shattenkirk 10 0 3 2
PowerPlay Forward
Center Left Wing Right Wing Time % Phy DF OF
1 Mika Zibanejad Chris Kreider Nikita Kucherov 60 0 2 3
2 Jean-Gabriel Pageau Greg Stewart Rickard Rakell 40 0 2 3
PowerPlay Defense
Defense Defense Time % Phy DF OF
1 Kevin Shattenkirk Adam Fox 60 0 2 3
2 Cam Fowler Mark Stuart 40 0 2 3
Penalty Kill 4 Players Forward
Center Wing Time % Phy DF OF
1 Mike Richards Scott Hartnell 60 0 4 1
2 Corban Knight Brandon Bollig 40 0 4 1
Penalty Kill 4 Players Defense
Defense Defense Time % Phy DF OF
1 Cam Fowler Mark Stuart 60 0 5 0
2 Sean Zimmerman Kevin Shattenkirk 40 0 5 0
Penalty Kill - 3 Players Forward
Forward Time % Phy DF OF
1 Jean-Gabriel Pageau 60 0 5 0
2 Mika Zibanejad 40 0 5 0
Penalty Kill - 3 Players Defense
Defense Defense Time % Phy DF OF
1 Cam Fowler Mark Stuart 60 0 5 0
2 Sean Zimmerman Kevin Shattenkirk 40 0 5 0
4 vs 4 Forward
Center Wing Time % Phy DF OF
1 Jean-Gabriel Pageau Chris Kreider 60 0 2 3
2 Mika Zibanejad Nikita Kucherov 40 0 2 3
4 vs 4 Defense
Defense Defense Time % Phy DF OF
1 Adam Fox Brian Dumoulin 60 0 2 3
2 Cam Fowler Mark Stuart 40 1 2 2
Last Minutes Offensive
Center Left Wing Right Wing Defense Defense
Mika Zibanejad Chris Kreider Nikita Kucherov Kevin Shattenkirk Cam Fowler
Last Minutes Defensive
Center Left Wing Right Wing Defense Defense
Jean-Gabriel Pageau Scott Hartnell Jordan Szwarz Mark Stuart Cam Fowler
Goaltenders
Starting : Robin Lehner
Backup : Allen York
Extra Forwards
Normal : Chris Kreider, Mika Zibanejad, Jean-Gabriel Pageau - PP : Chris Kreider, Mika Zibanejad - PK : Scott Hartnell
Extra Defensemen
Normal : Kevin Shattenkirk, Cam Fowler, Mark Stuart - PP : Kevin Shattenkirk - PK : Cam Fowler, Mark Stuart
Penalty Shots
Chris Kreider, Jean-Gabriel Pageau, Mika Zibanejad, Nikita Kucherov, Rickard Rakell
Scratches
Philip Larsen (Healthy)
Flames
5 vs 5 Forward
Center Left Wing Right Wing Time % Phy DF OF
1 Eric Staal Brad Marchand Bryan Rust 38 1 2 2
2 Patrik Berglund Tanner Pearson Jimmy Hayes 33 1 2 2
3 Colin Wilson David Ullstrom Kevin Labanc 19 1 2 2
4 Anders Lee Vladimir Sobotka David Savard 10 1 2 2
5 vs 5 Defense
Defense Defense Time % Phy DF OF
1 Erik Johnson Sami Vatanen 40 1 2 2
2 Esa Lindell Christian Folin 30 1 2 2
3 Colby Robak Brendan Mikkelson 20 1 2 2
4 Erik Johnson Sami Vatanen 10 1 2 2
PowerPlay Forward
Center Left Wing Right Wing Time % Phy DF OF
1 Patrik Berglund Brad Marchand Jimmy Hayes 60 1 2 2
2 Eric Staal Tanner Pearson Bryan Rust 40 1 2 2
PowerPlay Defense
Defense Defense Time % Phy DF OF
1 Erik Johnson Sami Vatanen 60 1 2 2
2 Esa Lindell Christian Folin 40 1 2 2
Penalty Kill 4 Players Forward
Center Wing Time % Phy DF OF
1 Eric Staal Brad Marchand 60 1 3 1
2 Patrik Berglund Bryan Rust 40 1 3 1
Penalty Kill 4 Players Defense
Defense Defense Time % Phy DF OF
1 Erik Johnson Sami Vatanen 60 1 3 1
2 Colby Robak Christian Folin 40 1 3 1
Penalty Kill - 3 Players Forward
Forward Time % Phy DF OF
1 Eric Staal 60 1 3 1
2 Patrik Berglund 40 1 3 1
Penalty Kill - 3 Players Defense
Defense Defense Time % Phy DF OF
1 Erik Johnson Sami Vatanen 60 1 3 1
2 Colby Robak Christian Folin 40 1 3 1
4 vs 4 Forward
Center Wing Time % Phy DF OF
1 Patrik Berglund Brad Marchand 60 1 2 2
2 Eric Staal Bryan Rust 40 1 2 2
4 vs 4 Defense
Defense Defense Time % Phy DF OF
1 Erik Johnson Sami Vatanen 60 1 2 2
2 Esa Lindell Christian Folin 40 1 2 2
Last Minutes Offensive
Center Left Wing Right Wing Defense Defense
Eric Staal Brad Marchand Jimmy Hayes Erik Johnson Sami Vatanen
Last Minutes Defensive
Center Left Wing Right Wing Defense Defense
Eric Staal Brad Marchand Bryan Rust Erik Johnson Sami Vatanen
Goaltenders
Starting : Christopher Gibson
Backup : Henrik Lundqvist
Extra Forwards
Normal : Patrik Berglund, Brad Marchand, Tanner Pearson - PP : Tanner Pearson, Bryan Rust - PK : Vladimir Sobotka
Extra Defensemen
Normal : Christian Folin, Colby Robak, Esa Lindell - PP : Esa Lindell - PK : Brendan Mikkelson, Colby Robak
Penalty Shots
Tanner Pearson, Eric Staal, Jimmy Hayes, Patrik Berglund, Anders Lee
Scratches
Jake DeBrusk (Healthy), Kyle Palmieri (Healthy), Nathan Lieuwen (Healthy)
% Time on Ice - Canadiens
Lines # - Real PCT - Wanted PCT - Time Play
Normal Forward
1 - 28% - 35% - 13:17
2 - 33% - 35% - 15:19
3 - 24% - 20% - 11:19
4 - 15% - 10% - 6:47
Normal Defense
1 - 38% - 40% - 17:45
2 - 33% - 30% - 15:14
3 - 28% - 20% - 12:53
4 - 2% - 10% - 0:50
PP Forward
1 - 56% - 60% - 2:18
2 - 44% - 40% - 1:48
PP Defense
1 - 69% - 60% - 2:49
2 - 31% - 40% - 1:17
PK Forward
1 - 74% - 60% - 5:12
2 - 26% - 40% - 1:52
PK Defense
1 - 60% - 60% - 4:15
2 - 40% - 40% - 2:49
PK3 Forward
1 - 0% - 60%
2 - 0% - 40%
PK3 Defense
1 - 0% - 60%
2 - 0% - 40%
44 Forward
1 - 68% - 60% - 1:15
2 - 32% - 40% - 0:36
44 Defense
1 - 59% - 60% - 1:06
2 - 41% - 40% - 0:45
Last Minute Offensive - 0:00
Last Minute Defensive - 0:17
Total
Forward - 60:00
Defense - 60:00
|
% Time on Ice - Flames
Lines # - Real PCT - Wanted PCT - Time Play
Normal Forward
1 - 34% - 38% - 15:56
2 - 24% - 33% - 11:18
3 - 24% - 19% - 11:10
4 - 18% - 10% - 8:18
Normal Defense
1 - 37% - 40% - 17:20
2 - 29% - 30% - 13:45
3 - 30% - 20% - 14:11
4 - 3% - 10% - 1:26
PP Forward
1 - 63% - 60% - 4:28
2 - 37% - 40% - 2:36
PP Defense
1 - 56% - 60% - 3:59
2 - 44% - 40% - 3:05
PK Forward
1 - 72% - 60% - 2:56
2 - 28% - 40% - 1:10
PK Defense
1 - 58% - 60% - 2:22
2 - 42% - 40% - 1:44
PK3 Forward
1 - 0% - 60%
2 - 0% - 40%
PK3 Defense
1 - 0% - 60%
2 - 0% - 40%
44 Forward
1 - 68% - 60% - 1:15
2 - 32% - 40% - 0:36
44 Defense
1 - 49% - 60% - 0:54
2 - 51% - 40% - 0:57
Last Minute Offensive - 0:17
Last Minute Defensive - 0:00
Total
Forward - 60:00
Defense - 60:00
|
Play-by-Play
1st period
0:01 of 1st period - Eric Staal wins face-off versus Chris Kreider in neutral zone.
0:42 of 1st period - Slapshot by Chris Kreider.
0:42 of 1st period - Shot Hit the Post.
0:48 of 1st period - Snap shot by Sami Vatanen.
0:48 of 1st period - Shot Misses the Net.
0:50 of 1st period - Wrist shot by Bryan Rust.
0:50 of 1st period - Shot Misses the Net.
0:52 of 1st period - Wrist shot by Bryan Rust.
0:52 of 1st period - Deflect By Brad Marchand.
0:52 of 1st period - Stopped by Robin Lehner without a rebound.
0:53 of 1st period - Patrik Berglund wins face-off versus Jean-Gabriel Pageau in Canadiens zone.
1:20 of 1st period - Mark Stuart is hit by Colin Wilson.
1:26 of 1st period - Christian Folin is hit by Scott Hartnell and loses puck.
2:01 of 1st period - Wrist shot by Patrik Berglund.
2:01 of 1st period - Stopped by Robin Lehner with a rebound.
2:03 of 1st period - Slapshot by Jimmy Hayes.
2:03 of 1st period - Stopped by Robin Lehner without a rebound.
2:04 of 1st period - Mike Richards wins face-off versus Patrik Berglund in Canadiens zone.
2:13 of 1st period - Scott Hartnell is hit by Brendan Mikkelson and loses puck.
2:41 of 1st period - Wrist shot by Jimmy Hayes.
2:41 of 1st period - Stopped by Robin Lehner without a rebound.
2:42 of 1st period - Mika Zibanejad wins face-off versus Colin Wilson in Canadiens zone.
3:06 of 1st period - Icing by Erik Johnson.
3:07 of 1st period - Jean-Gabriel Pageau wins face-off versus Colin Wilson in Flames zone.
3:22 of 1st period - Snap shot by Greg Stewart.
3:22 of 1st period - Shot Misses the Net.
3:32 of 1st period - Erik Johnson is hit by Brandon Bollig and loses puck.
4:35 of 1st period - Rickard Rakell is hit by David Savard and loses puck.
4:42 of 1st period - Jean-Gabriel Pageau is hit by Vladimir Sobotka and loses puck.
4:59 of 1st period - Brian Dumoulin is hit by Brendan Mikkelson and loses puck.
5:50 of 1st period - Icing by Esa Lindell.
5:51 of 1st period - Colin Wilson wins face-off versus Jean-Gabriel Pageau in Flames zone.
5:56 of 1st period - Greg Stewart is hit by Kevin Labanc and loses puck.
6:01 of 1st period - Wrist shot by Colin Wilson.
6:01 of 1st period - Deflect By Kevin Labanc.
6:01 of 1st period - Stopped by Robin Lehner with a rebound.
6:03 of 1st period - Slapshot by Christian Folin.
6:03 of 1st period - Stopped by Robin Lehner without a rebound.
6:04 of 1st period - Eric Staal wins face-off versus Mika Zibanejad in Canadiens zone.
6:05 of 1st period - Wrist shot by Brad Marchand.
6:05 of 1st period - Shot Blocked by Chris Kreider.
6:13 of 1st period - Wrist shot by Chris Kreider.
6:13 of 1st period - Stopped by Christopher Gibson without a rebound.
6:14 of 1st period - Mika Zibanejad wins face-off versus Eric Staal in Flames zone.
6:21 of 1st period - Wrist shot by Mika Zibanejad.
6:21 of 1st period - Shot Blocked by Erik Johnson.
6:39 of 1st period - Chris Kreider is hit by Eric Staal and loses puck.
7:16 of 1st period - Minor Penalty to Mark Stuart for Hooking.
7:17 of 1st period - Mike Richards wins face-off versus Patrik Berglund in Canadiens zone.
8:09 of 1st period - Icing by Sami Vatanen.
8:10 of 1st period - Mike Richards wins face-off versus Eric Staal in Flames zone.
8:29 of 1st period - Patrik Berglund is hit by Corban Knight and loses puck.
9:16 of 1st period - Penalty to Mark Stuart is over, Mark Stuart is back on ice.
9:36 of 1st period - Kevin Shattenkirk is hit by David Savard.
9:40 of 1st period - Wrist shot by Jean-Gabriel Pageau.
9:40 of 1st period - Stopped by Christopher Gibson without a rebound.
9:41 of 1st period - Colin Wilson wins face-off versus Mika Zibanejad in Flames zone.
9:49 of 1st period - Snap shot by Nikita Kucherov.
9:49 of 1st period - Shot Blocked by Colin Wilson.
9:51 of 1st period - Snap shot by Mika Zibanejad.
9:51 of 1st period - Shot Misses the Net.
9:53 of 1st period - Slapshot by Chris Kreider.
9:53 of 1st period - Shot Blocked by David Ullstrom.
10:13 of 1st period - Slapshot by Esa Lindell.
10:13 of 1st period - Shot Misses the Net.
10:27 of 1st period - Scott Hartnell is hit by Eric Staal and loses puck.
11:36 of 1st period - Chris Kreider is hit by Vladimir Sobotka and loses puck.
11:56 of 1st period - Colby Robak is hit by Jordan Szwarz and loses puck.
12:01 of 1st period - Snap shot by Scott Hartnell.
12:01 of 1st period - Stopped by Christopher Gibson with a rebound.
12:03 of 1st period - Slapshot by Scott Hartnell.
12:03 of 1st period - Goal by Scott Hartnell - Canadiens : 1 - Flames : 0.
12:04 of 1st period - Patrik Berglund wins face-off versus Jean-Gabriel Pageau in neutral zone.
12:38 of 1st period - Backhand shot by Scott Hartnell.
12:38 of 1st period - Stopped by Christopher Gibson with a rebound.
13:18 of 1st period - Wrist shot by Brandon Bollig.
13:18 of 1st period - Shot Blocked by Christian Folin.
13:20 of 1st period - Wrist shot by Adam Fox.
13:20 of 1st period - Shot Blocked by Esa Lindell.
13:22 of 1st period - Snap shot by Corban Knight.
13:22 of 1st period - Stopped by Christopher Gibson without a rebound.
13:23 of 1st period - Jean-Gabriel Pageau wins face-off versus Eric Staal in Flames zone.
13:33 of 1st period - Wrist shot by Jean-Gabriel Pageau.
13:33 of 1st period - Stopped by Christopher Gibson with a rebound.
13:51 of 1st period - Wrist shot by Jimmy Hayes.
13:51 of 1st period - Deflect By Tanner Pearson.
13:51 of 1st period - Shot Blocked by Chris Kreider.
13:51 of 1st period - Puck is out of play.
13:52 of 1st period - Mika Zibanejad wins face-off versus Patrik Berglund in Canadiens zone.
14:03 of 1st period - Cam Fowler is hit by Tanner Pearson and loses puck.
14:18 of 1st period - Jean-Gabriel Pageau is hit by Brad Marchand and loses puck.
15:00 of 1st period - Icing by Scott Hartnell.
15:01 of 1st period - Anders Lee wins face-off versus Corban Knight in Canadiens zone.
15:12 of 1st period - Snap shot by Mattias Tedenby.
15:12 of 1st period - Stopped by Christopher Gibson with a rebound.
15:14 of 1st period - Snap shot by Corban Knight.
15:14 of 1st period - Goal by Corban Knight - Canadiens : 2 - Flames : 0.
15:15 of 1st period - Jean-Gabriel Pageau wins face-off versus Patrik Berglund in neutral zone.
15:20 of 1st period - Erik Johnson is hit by Greg Stewart and loses puck.
15:41 of 1st period - Erik Johnson is hit by Chris Kreider and loses puck.
16:58 of 1st period - Snap shot by Greg Stewart.
16:58 of 1st period - Deflect By Erik Johnson.
16:58 of 1st period - Stopped by Christopher Gibson without a rebound.
16:59 of 1st period - Jean-Gabriel Pageau wins face-off versus Eric Staal in Flames zone.
17:16 of 1st period - Wrist shot by Bryan Rust.
17:16 of 1st period - Stopped by Robin Lehner without a rebound.
17:17 of 1st period - Patrik Berglund wins face-off versus Mika Zibanejad in Canadiens zone.
17:18 of 1st period - Slapshot by Sami Vatanen.
17:18 of 1st period - Deflect By Patrik Berglund.
17:18 of 1st period - Stopped by Robin Lehner with a rebound.
17:32 of 1st period - Off-side.
17:33 of 1st period - Jean-Gabriel Pageau wins face-off versus Eric Staal in neutral zone.
17:50 of 1st period - Snap shot by Brad Marchand.
17:50 of 1st period - Stopped by Robin Lehner with a rebound.
18:00 of 1st period - Kevin Shattenkirk is hit by Kevin Labanc and loses puck.
18:21 of 1st period - Wrist shot by Jean-Gabriel Pageau.
18:21 of 1st period - Deflect By Rickard Rakell.
18:21 of 1st period - Stopped by Christopher Gibson with a rebound.
18:23 of 1st period - Snap shot by Mark Stuart.
18:23 of 1st period - Shot Blocked by Sami Vatanen.
18:25 of 1st period - Snap shot by Adam Fox.
18:25 of 1st period - Shot Misses the Net.
18:27 of 1st period - Slapshot by Brian Dumoulin.
18:27 of 1st period - Shot Misses the Net.
18:29 of 1st period - Snap shot by Jean-Gabriel Pageau.
18:29 of 1st period - Deflect By Greg Stewart.
18:29 of 1st period - Stopped by Christopher Gibson with a rebound.
18:31 of 1st period - Wrist shot by Rickard Rakell.
18:31 of 1st period - Stopped by Christopher Gibson without a rebound.
18:32 of 1st period - Patrik Berglund wins face-off versus Mika Zibanejad in Flames zone.
18:48 of 1st period - Minor Penalty to Brian Dumoulin for Tripping.
18:49 of 1st period - Mike Richards wins face-off versus Brad Marchand in Canadiens zone.
19:20 of 1st period - Snap shot by Erik Johnson.
19:20 of 1st period - Shot Blocked by Cam Fowler.
19:22 of 1st period - Snap shot by Erik Johnson.
19:22 of 1st period - Shot Blocked by Mike Richards.
19:24 of 1st period - Snap shot by Bryan Rust.
19:24 of 1st period - Shot Misses the Net.
19:26 of 1st period - Slapshot by Tanner Pearson.
19:26 of 1st period - Stopped by Robin Lehner with a rebound.
19:28 of 1st period - Wrist shot by Sami Vatanen.
19:28 of 1st period - Shot Blocked by Mark Stuart.
Goals for this period are 2 for Canadiens vs 0 for Flames.
Shots for this period are 13 for Canadiens vs 10 for Flames.
2nd period
0:01 of 2nd period - Patrik Berglund wins face-off versus Mike Richards in neutral zone.
0:14 of 2nd period - Wrist shot by Jimmy Hayes.
0:14 of 2nd period - Shot Misses the Net.
0:30 of 2nd period - Wrist shot by Bryan Rust.
0:30 of 2nd period - Deflect By Eric Staal.
0:30 of 2nd period - Goal by Eric Staal - Canadiens : 2 - Flames : 1.
0:31 of 2nd period - Patrik Berglund wins face-off versus Mika Zibanejad in neutral zone.
0:48 of 2nd period - Erik Johnson is hit by Kevin Shattenkirk and loses puck.
1:24 of 2nd period - Off-side.
1:25 of 2nd period - Mika Zibanejad wins face-off versus Kevin Labanc in neutral zone.
1:34 of 2nd period - Wrist shot by Nikita Kucherov.
1:34 of 2nd period - Stopped by Christopher Gibson with a rebound.
1:36 of 2nd period - Wrist shot by Adam Fox.
1:36 of 2nd period - Shot Blocked by Kevin Labanc.
1:52 of 2nd period - Patrik Berglund is hit by Rickard Rakell and loses puck.
1:59 of 2nd period - Slapshot by Jean-Gabriel Pageau.
1:59 of 2nd period - Stopped by Christopher Gibson with a rebound.
2:01 of 2nd period - Slapshot by Jean-Gabriel Pageau.
2:01 of 2nd period - Stopped by Christopher Gibson without a rebound.
2:02 of 2nd period - Eric Staal wins face-off versus Mike Richards in Flames zone.
2:19 of 2nd period - Slapshot by Brad Marchand.
2:19 of 2nd period - Stopped by Robin Lehner without a rebound.
2:20 of 2nd period - Patrik Berglund wins face-off versus Mika Zibanejad in Canadiens zone.
2:47 of 2nd period - Eric Staal is hit by Cam Fowler and loses puck.
2:56 of 2nd period - Snap shot by Eric Staal.
2:56 of 2nd period - Stopped by Robin Lehner with a rebound.
3:13 of 2nd period - Snap shot by Rickard Rakell.
3:13 of 2nd period - Deflect By Erik Johnson.
3:13 of 2nd period - Shot Misses the Net.
3:13 of 2nd period - Puck is out of play.
3:14 of 2nd period - Mika Zibanejad wins face-off versus Tanner Pearson in Flames zone.
3:37 of 2nd period - Minor Penalty to Jimmy Hayes for Roughing.
3:38 of 2nd period - Mika Zibanejad wins face-off versus Eric Staal in Flames zone.
3:55 of 2nd period - Slapshot by Mika Zibanejad.
3:55 of 2nd period - Stopped by Christopher Gibson without a rebound.
3:56 of 2nd period - Jean-Gabriel Pageau wins face-off versus Eric Staal in Flames zone.
4:29 of 2nd period - Slapshot by Kevin Shattenkirk.
4:29 of 2nd period - Shot Blocked by Sami Vatanen.
4:31 of 2nd period - Wrist shot by Nikita Kucherov.
4:31 of 2nd period - Shot Misses the Net.
4:57 of 2nd period - Backhand shot by Christian Folin.
4:57 of 2nd period - Deflect By David Ullstrom.
4:57 of 2nd period - Stopped by Robin Lehner without a rebound.
4:58 of 2nd period - Jean-Gabriel Pageau wins face-off versus Vladimir Sobotka in Canadiens zone.
5:23 of 2nd period - Eric Staal is hit by Chris Kreider and loses puck.
5:37 of 2nd period - Penalty to Jimmy Hayes is over, Jimmy Hayes is back on ice.
6:00 of 2nd period - Chris Kreider is hit by Vladimir Sobotka and loses puck.
6:31 of 2nd period - Snap shot by Rickard Rakell.
6:31 of 2nd period - Deflect By Kevin Labanc.
6:31 of 2nd period - Shot Blocked by Brendan Mikkelson.
6:31 of 2nd period - Puck is out of play.
6:32 of 2nd period - Scott Hartnell wins face-off versus Eric Staal in Flames zone.
6:39 of 2nd period - Snap shot by Mike Richards.
6:39 of 2nd period - Shot Blocked by Brad Marchand.
6:55 of 2nd period - Minor Penalty to Mike Richards for Holding.
6:56 of 2nd period - Corban Knight wins face-off versus Patrik Berglund in Canadiens zone.
6:56 of 2nd period - Corban Knight is hit by Erik Johnson.
7:03 of 2nd period - Minor Penalty to Jimmy Hayes for High sticking.
7:04 of 2nd period - Jean-Gabriel Pageau wins face-off versus Patrik Berglund in Flames zone.
8:19 of 2nd period - Corban Knight is hit by Tanner Pearson and loses puck.
8:24 of 2nd period - Slapshot by Esa Lindell.
8:24 of 2nd period - Stopped by Robin Lehner without a rebound.
8:25 of 2nd period - Patrik Berglund wins face-off versus Jean-Gabriel Pageau in Canadiens zone.
8:50 of 2nd period - Christian Folin is hit by Nikita Kucherov and loses puck.
8:55 of 2nd period - Penalty to Mike Richards is over, Mike Richards is back on ice.
9:01 of 2nd period - Snap shot by Nikita Kucherov.
9:01 of 2nd period - Stopped by Christopher Gibson with a rebound.
9:03 of 2nd period - Penalty to Jimmy Hayes is over, Jimmy Hayes is back on ice.
9:09 of 2nd period - Snap shot by Mika Zibanejad.
9:09 of 2nd period - Stopped by Christopher Gibson with a rebound.
9:23 of 2nd period - Wrist shot by Bryan Rust.
9:23 of 2nd period - Stopped by Robin Lehner without a rebound.
9:24 of 2nd period - Colin Wilson wins face-off versus Corban Knight in Canadiens zone.
9:43 of 2nd period - Brandon Bollig is hit by Kevin Labanc and loses puck.
10:53 of 2nd period - Minor Penalty to Mike Richards for Interference.
10:54 of 2nd period - Corban Knight wins face-off versus Patrik Berglund in Canadiens zone.
11:03 of 2nd period - Snap shot by Brad Marchand.
11:03 of 2nd period - Deflect By Patrik Berglund.
11:03 of 2nd period - Shot Misses the Net.
11:03 of 2nd period - Puck is out of play.
11:04 of 2nd period - Corban Knight wins face-off versus Patrik Berglund in Canadiens zone.
11:13 of 2nd period - Slapshot by Corban Knight.
11:13 of 2nd period - Shot Misses the Net.
11:15 of 2nd period - Slapshot by Corban Knight.
11:15 of 2nd period - Goal by Corban Knight - Canadiens : 3 - Flames : 1.
11:16 of 2nd period - Patrik Berglund wins face-off versus Corban Knight in neutral zone.
11:19 of 2nd period - Slapshot by Erik Johnson.
11:19 of 2nd period - Shot Misses the Net.
11:21 of 2nd period - Wrist shot by Erik Johnson.
11:21 of 2nd period - Goal by Erik Johnson - Canadiens : 3 - Flames : 2.
11:22 of 2nd period - Nikita Kucherov wins face-off versus Eric Staal in neutral zone.
11:35 of 2nd period - Wrist shot by Chris Kreider.
11:35 of 2nd period - Stopped by Christopher Gibson without a rebound.
11:36 of 2nd period - Eric Staal wins face-off versus Jean-Gabriel Pageau in Flames zone.
12:30 of 2nd period - Anders Lee is hit by Chris Kreider and loses puck.
12:53 of 2nd period - Wrist shot by Scott Hartnell.
12:53 of 2nd period - Stopped by Christopher Gibson without a rebound.
12:54 of 2nd period - Eric Staal wins face-off versus Mike Richards in Flames zone.
13:21 of 2nd period - Christian Folin is hit by Mike Richards and loses puck.
13:38 of 2nd period - Snap shot by Mike Richards.
13:38 of 2nd period - Shot Misses the Net.
13:40 of 2nd period - Wrist shot by Scott Hartnell.
13:40 of 2nd period - Stopped by Christopher Gibson with a rebound.
13:42 of 2nd period - Snap shot by Scott Hartnell.
13:42 of 2nd period - Stopped by Christopher Gibson with a rebound.
13:44 of 2nd period - Slapshot by Jordan Szwarz.
13:44 of 2nd period - Shot Misses the Net.
13:46 of 2nd period - Slapshot by Kevin Shattenkirk.
13:46 of 2nd period - Stopped by Christopher Gibson with a rebound.
14:00 of 2nd period - Jordan Szwarz is hit by David Ullstrom and loses puck.
14:07 of 2nd period - Snap shot by Colin Wilson.
14:07 of 2nd period - Stopped by Robin Lehner with a rebound.
14:35 of 2nd period - Cam Fowler is hit by Erik Johnson and loses puck.
14:46 of 2nd period - Jordan Szwarz is hit by Sami Vatanen and loses puck.
14:52 of 2nd period - Off-side.
14:53 of 2nd period - Jean-Gabriel Pageau wins face-off versus Eric Staal in neutral zone.
15:00 of 2nd period - Slapshot by Greg Stewart.
15:00 of 2nd period - Stopped by Christopher Gibson with a rebound.
15:09 of 2nd period - Minor Penalty to Rickard Rakell for Hooking.
15:10 of 2nd period - Corban Knight wins face-off versus Patrik Berglund in Canadiens zone.
15:18 of 2nd period - Wrist shot by Esa Lindell.
15:18 of 2nd period - Deflect By Patrik Berglund.
15:18 of 2nd period - Stopped by Robin Lehner with a rebound.
15:26 of 2nd period - Wrist shot by Jimmy Hayes.
15:26 of 2nd period - Shot Misses the Net.
17:09 of 2nd period - Penalty to Rickard Rakell is over, Rickard Rakell is back on ice.
17:21 of 2nd period - Kevin Shattenkirk is hit by Vladimir Sobotka.
17:37 of 2nd period - Snap shot by Kevin Labanc.
17:37 of 2nd period - Stopped by Robin Lehner without a rebound.
17:38 of 2nd period - Jean-Gabriel Pageau wins face-off versus Anders Lee in Canadiens zone.
17:38 of 2nd period - Jean-Gabriel Pageau is hit by Erik Johnson.
18:52 of 2nd period - Slapshot by Colby Robak.
18:52 of 2nd period - Stopped by Robin Lehner with a rebound.
19:06 of 2nd period - Snap shot by Mike Richards.
19:06 of 2nd period - Stopped by Christopher Gibson with a rebound.
19:08 of 2nd period - Wrist shot by Scott Hartnell.
19:08 of 2nd period - Shot Misses the Net.
19:10 of 2nd period - Snap shot by Brian Dumoulin.
19:10 of 2nd period - Stopped by Christopher Gibson with a rebound.
19:12 of 2nd period - Snap shot by Mike Richards.
19:12 of 2nd period - Stopped by Christopher Gibson with a rebound.
19:20 of 2nd period - Brendan Mikkelson is hit by Scott Hartnell and loses puck.
Goals for this period are 1 for Canadiens vs 2 for Flames.
Shots for this period are 16 for Canadiens vs 11 for Flames.
3rd period
0:01 of 3rd period - Eric Staal wins face-off versus Mika Zibanejad in neutral zone.
0:07 of 3rd period - Esa Lindell is hit by Mark Stuart and loses puck.
0:13 of 3rd period - Icing by Mika Zibanejad.
0:14 of 3rd period - Nikita Kucherov wins face-off versus Patrik Berglund in Canadiens zone.
0:39 of 3rd period - Adam Fox is hit by Vladimir Sobotka and loses puck.
1:06 of 3rd period - Snap shot by Jean-Gabriel Pageau.
1:06 of 3rd period - Shot Blocked by Eric Staal.
1:08 of 3rd period - Slapshot by Adam Fox.
1:08 of 3rd period - Stopped by Christopher Gibson without a rebound.
1:09 of 3rd period - Jimmy Hayes wins face-off versus Jean-Gabriel Pageau in Flames zone.
1:09 of 3rd period - Jimmy Hayes is hit by Greg Stewart.
1:21 of 3rd period - Slapshot by Tanner Pearson.
1:21 of 3rd period - Shot Misses the Net.
1:23 of 3rd period - Slapshot by Sami Vatanen.
1:23 of 3rd period - Shot Blocked by Kevin Shattenkirk.
1:25 of 3rd period - Wrist shot by Sami Vatanen.
1:25 of 3rd period - Stopped by Robin Lehner with a rebound.
2:55 of 3rd period - Off-side.
2:56 of 3rd period - Brandon Bollig wins face-off versus Patrik Berglund in neutral zone.
3:23 of 3rd period - Brad Marchand is hit by Chris Kreider.
3:37 of 3rd period - Slapshot by Mika Zibanejad.
3:37 of 3rd period - Shot Misses the Net.
4:27 of 3rd period - Wrist shot by Patrik Berglund.
4:27 of 3rd period - Shot Blocked by Brian Dumoulin.
4:56 of 3rd period - Slapshot by Mika Zibanejad.
4:56 of 3rd period - Stopped by Christopher Gibson with a rebound.
4:58 of 3rd period - Wrist shot by Chris Kreider.
4:58 of 3rd period - Shot Misses the Net.
5:00 of 3rd period - Slapshot by Sean Zimmerman.
5:00 of 3rd period - Deflect By Bryan Rust.
5:00 of 3rd period - Stopped by Christopher Gibson without a rebound.
5:01 of 3rd period - Jean-Gabriel Pageau wins face-off versus Patrik Berglund in Flames zone.
5:22 of 3rd period - Minor Penalty to Jimmy Hayes for Holding.
5:23 of 3rd period - Eric Staal wins face-off versus Mika Zibanejad in Flames zone.
5:23 of 3rd period - Eric Staal is hit by Nikita Kucherov.
6:21 of 3rd period - Cam Fowler is hit by Patrik Berglund and loses puck.
6:38 of 3rd period - Jean-Gabriel Pageau is hit by Erik Johnson.
6:42 of 3rd period - David Ullstrom is hit by Greg Stewart and loses puck.
7:11 of 3rd period - Snap shot by Bryan Rust.
7:11 of 3rd period - Deflect By Kevin Shattenkirk.
7:11 of 3rd period - Stopped by Robin Lehner without a rebound.
7:12 of 3rd period - Mika Zibanejad wins face-off versus Patrik Berglund in Canadiens zone.
7:22 of 3rd period - Penalty to Jimmy Hayes is over, Jimmy Hayes is back on ice.
7:29 of 3rd period - Snap shot by Kevin Labanc.
7:29 of 3rd period - Stopped by Robin Lehner without a rebound.
7:30 of 3rd period - Corban Knight wins face-off versus Colin Wilson in Canadiens zone.
8:21 of 3rd period - Wrist shot by Colin Wilson.
8:21 of 3rd period - Stopped by Robin Lehner without a rebound.
8:22 of 3rd period - Eric Staal wins face-off versus Jean-Gabriel Pageau in Canadiens zone.
8:47 of 3rd period - Chris Kreider is hit by Sami Vatanen and loses puck.
8:52 of 3rd period - Wrist shot by Patrik Berglund.
8:52 of 3rd period - Shot Misses the Net.
9:37 of 3rd period - Cam Fowler is hit by Esa Lindell and loses puck.
10:52 of 3rd period - Snap shot by Patrik Berglund.
10:52 of 3rd period - Shot Blocked by Rickard Rakell.
11:32 of 3rd period - Backhand shot by Corban Knight.
11:32 of 3rd period - Shot Blocked by Colin Wilson.
11:34 of 3rd period - Slapshot by Adam Fox.
11:34 of 3rd period - Shot Blocked by David Ullstrom.
11:36 of 3rd period - Slapshot by Adam Fox.
11:36 of 3rd period - Stopped by Christopher Gibson with a rebound.
11:38 of 3rd period - Wrist shot by Mattias Tedenby.
11:38 of 3rd period - Shot Misses the Net.
11:56 of 3rd period - Sean Zimmerman is hit by David Savard and loses puck.
12:03 of 3rd period - Brian Dumoulin is hit by Anders Lee and loses puck.
13:04 of 3rd period - Slapshot by Kevin Shattenkirk.
13:04 of 3rd period - Deflect By Brandon Bollig.
13:04 of 3rd period - Stopped by Christopher Gibson without a rebound.
13:05 of 3rd period - Corban Knight wins face-off versus Eric Staal in Flames zone.
13:06 of 3rd period - Backhand shot by Brandon Bollig.
13:06 of 3rd period - Shot Blocked by Bryan Rust.
13:08 of 3rd period - Slapshot by Adam Fox.
13:08 of 3rd period - Stopped by Christopher Gibson without a rebound.
13:09 of 3rd period - Eric Staal wins face-off versus Corban Knight in Flames zone.
13:26 of 3rd period - Snap shot by Brandon Bollig.
13:26 of 3rd period - Stopped by Christopher Gibson with a rebound.
14:24 of 3rd period - Slapshot by Brendan Mikkelson.
14:24 of 3rd period - Deflect By Vladimir Sobotka.
14:24 of 3rd period - Shot Blocked by Scott Hartnell.
14:24 of 3rd period - Puck is out of play.
14:25 of 3rd period - Anders Lee wins face-off versus Mike Richards in Canadiens zone.
14:36 of 3rd period - Wrist shot by Anders Lee.
14:36 of 3rd period - Shot Misses the Net.
16:35 of 3rd period - Mark Stuart is hit by Brad Marchand and loses puck.
16:44 of 3rd period - Brad Marchand is hit by Rickard Rakell and loses puck.
16:59 of 3rd period - Snap shot by Brad Marchand.
16:59 of 3rd period - Shot Blocked by Adam Fox.
17:07 of 3rd period - Snap shot by Eric Staal.
17:07 of 3rd period - Shot Blocked by Adam Fox.
17:33 of 3rd period - Snap shot by Eric Staal.
17:33 of 3rd period - Shot Misses the Net.
18:00 of 3rd period - Wrist shot by Jean-Gabriel Pageau.
18:00 of 3rd period - Shot Blocked by Brad Marchand.
18:18 of 3rd period - Wrist shot by Jean-Gabriel Pageau.
18:18 of 3rd period - Stopped by Christopher Gibson with a rebound.
18:39 of 3rd period - Off-side.
18:40 of 3rd period - Mike Richards wins face-off versus Colin Wilson in neutral zone.
18:45 of 3rd period - Slapshot by Kevin Shattenkirk.
18:45 of 3rd period - Shot Misses the Net.
18:47 of 3rd period - Snap shot by Scott Hartnell.
18:47 of 3rd period - Stopped by Christopher Gibson without a rebound.
18:48 of 3rd period - Lindy Ruff call a timeout for Flames.
18:48 of 3rd period - Mike Richards wins face-off versus Colin Wilson in Flames zone.
18:48 of 3rd period - Mike Richards is hit by Kevin Labanc.
18:52 of 3rd period - Snap shot by Jordan Szwarz.
18:52 of 3rd period - Shot Blocked by Erik Johnson.
18:54 of 3rd period - Slapshot by Kevin Shattenkirk.
18:54 of 3rd period - Deflect By Scott Hartnell.
18:54 of 3rd period - Shot Blocked by Sami Vatanen.
18:54 of 3rd period - Puck is out of play.
18:55 of 3rd period - Patrik Berglund wins face-off versus Chris Kreider in Flames zone.
19:00 of 3rd period - Flames, Christopher Gibson is pulled from the net.
19:00 of 3rd period - Snap shot by Tanner Pearson.
19:00 of 3rd period - Shot Misses the Net.
19:11 of 3rd period - Minor Penalty to Jordan Szwarz for Hooking.
19:12 of 3rd period - Mike Richards wins face-off versus Patrik Berglund in Canadiens zone.
Goals for this period are 0 for Canadiens vs 0 for Flames.
Shots for this period are 9 for Canadiens vs 4 for Flames.